cohdb
Replays
Latest Replays
All Replays
Popular Replays
Top Player Replays
Match Explorer
How It Works
Community
CoH3 Stats
Reddit
Sign in to upload your games and track your stats! →
Sign in with Steam
Match 44572250
Unlisted
Match 44572250
Overview
Messages
Build Orders
End
Construct Section Command Post
Vickers Machine Gun Team
Infantry Section
Infantry Section
Infantry Section
Construct Platoon Command Post
Selects Air and Sea Battlegroup
Selects Supply Surplus
Construct Resource Cache
Construct Resource Cache
Construct Resource Cache
Construct Resource Cache
Humber Armored Car
Light Vehicle Training
Unlock M3 Stuart Light Tanks
M3 Stuart Light Tank
M3 Stuart Light Tank
Grenade Package
M3 Stuart Light Tank
Selects UNKNOWN (223837)
Construct Field Infirmary
Selects Assault Flares
M3 Stuart Light Tank
Infantry Section
Selects Commando Section Paradrop
Selects M1 Pack Howitzer Paradrop
M1 Pack Howitzer Paradrop
Construct Company Command Post
Assault Flares
Unlock M3 Grant Medium Tanks
M3 Grant Medium Tank
Selects Incendiary Bombing Run
Incendiary Bombing Run
Assault Flares
Foot Guards Section
M3 Grant Medium Tank
Foot Guards Section
Foot Guards Section
Incendiary Bombing Run
Foot Guards Section
Infantry Training
Assault Flares
Incendiary Bombing Run
Foot Guards Section
RON
Tasty
DrewP
Dillbro
0
0
Comments
sign in to comment!
No comments posted yet!